 Dungeon Crawl Stone Soup version 0.30.1-9-gdf580d7c3d (webtiles) character file.

Game seed: 64896191042358189

1175 Ekaitz the Gusty (level 8, -1/46 HPs)
             Began as a Tengu Air Elementalist on Oct 11, 2023.
             Slain by a yak (9 damage)
             ... on level 7 of the Dungeon on Oct 13, 2023.
             The game lasted 00:12:02 (5697 turns).

Ekaitz the Gusty (Tengu Air Elementalist)           Turns: 5697, Time: 00:12:03

Health: -1/46      AC:  4    Str:  9    XL:     8   Next: 41%
Magic:  6/15       EV: 17    Int: 18    God:
Gold:   244        SH:  0    Dex: 20    Spells: 2/15 levels left

rFire   . . .        c - +0 dagger (holy)
rCold   . . .        (no shield)
rNeg    + . .        a - +0 robe
rPois   .            (helmet restricted)
rElec   .            y - +0 cloak
rCorr   .            d - +0 pair of gloves
SInv    .            (boots unavailable)
Will    .....        (no amulet)
Stlth   +++          j - ring of positive energy
HPRegen 0.27/turn    C - +6 ring of dexterity
MPRegen 0.14/turn

%: no passive effects
@: about to teleport, on blink cooldown, flying quickly and evasively, quick
A: beak, talons 3, nimble flight
a: no special abilities


You were on level 7 of the Dungeon.
You visited 1 branch of the dungeon, and saw 7 of its levels.

You collected 299 gold pieces.
You spent 55 gold pieces at shops.

Inventory:

Hand Weapons
 c - a +0 dagger of holy wrath (weapon)
 x - a +0 lajatang
Armour
 a - a +0 robe (worn)
 d - a +0 pair of gloves (worn)
 y - a +0 cloak (worn)
Magical Staves
 z - a staff of fire
Jewellery
 j - a ring of positive energy (left hand)
 C - a +6 ring of dexterity (right hand)
Wands
 v - a wand of acid (8)
 w - a wand of paralysis (11)
Scrolls
 e - 2 scrolls of fear {unknown}
 g - 2 scrolls of teleportation
 i - 6 scrolls of identify {unknown}
 m - a scroll of immolation
 p - a scroll of amnesia {unknown}
 r - a scroll of acquirement {unknown}
 u - a scroll of fog {unknown}
 A - 2 scrolls of noise {unknown}
 B - a scroll of enchant weapon {unknown}
 D - a scroll of magic mapping {unknown}
Potions
 b - 4 potions of magic
 f - 4 potions of curing {unknown}
 h - 2 potions of berserk rage {unknown}
 k - 3 potions of heal wounds
 l - 2 potions of flight {unknown}
 n - a potion of might {unknown}
 o - a potion of attraction {unknown}
 q - 2 potions of lignification {unknown}
 s - a potion of ambrosia {unknown}
 t - 2 potions of brilliance {unknown}


   Skills:
 * Level 3.4 Fighting
 + Level 1.1 Short Blades
 * Level 3.9 Dodging
 + Level 3.2 Stealth
 + Level 4.0 Spellcasting
 + Level 5.6 Conjurations
 * Level 1.4 Translocations
 * Level 7.7 Air Magic


You had 2 spell levels left.
You knew the following spells:

 Your Spells              Type           Power      Damage    Failure   Level
a - Shock                 Conj/Air       100%       1d9       1%          1
b - Static Discharge      Conj/Air       54%        2-5/arc   1%          2
c - Swiftness             Air            31%        N/A       1%          3
d - Airstrike             Air            15%        2d(3-19)  6%          4
k - Blink                 Tloc           16%        N/A       12%         2
p - Apportation           Tloc           16%        N/A       9%          1

Your spell library contained the following spells:

 Spells                   Type           Power      Damage    Failure   Level
 Momentum Strike          Conj/Tloc      32%        3d8       5%          2
 Lesser Beckoning         Tloc           16%        N/A       12%         2
 Necrotise                Necr           12%        1d4       14%         1
 Summon Small Mammal      Summ           12%        N/A       14%         1
 Ensorcelled Hibernation  Hex/Ice        6%         N/A       22%         2
 Iskenderun's Battlesphe  Conj           24%        2d8       36%         5
 Spider Form              Tmut/Pois      3%         N/A       41%         3
 Anguish                  Hex/Necr       1%         N/A       82%         4
 Iron Shot                Conj/Erth      6%         9d2       100%        6
 Spellforged Servitor     Conj/Summ      6%         N/A       100%        7


Dungeon Overview and Level Annotations

Branches:
Dungeon (7/15)
 Temple: D:4-7

Altars:
Makhleb
Sif Muna

Shops:
D:1 :?!

Portals:
Bailey: D:7


Innate Abilities, Weirdness & Mutations

You have a beak for a mouth.
You have claws for feet.
Your magical nature lets you fly swiftly and evasively.


Message History

The yak is struck by an arc of lightning.
The yak is moderately wounded.
You are struck by an arc of lightning.
The yak is struck by an arc of lightning.
The yak is moderately wounded.
You are struck by an arc of lightning.
* * * LOW HITPOINT WARNING * * *
The lightning grounds out.
A yak comes into view.
The yak gores you!
* * * LOW HITPOINT WARNING * * *
Aiming: Paralyse
Press: ? - help, Shift-Dir - straight line, f - yak
Aim: a yak (moderately wounded, chance to affect: 49%)
The yak resists with some effort.
The yak bellows!
The yak gores you but does no damage.
Aiming: Paralyse
Press: ? - help, Shift-Dir - straight line, f/p - yak
Aim: a yak (moderately wounded, chance to affect: 49%)
The yak suddenly stops moving!
The helpless yak fails to defend itself.
You impale the yak!! You claw the yak. You peck the yak.
The yak is almost dead.
A yak comes into view. x2
The helpless yak fails to defend itself.
You puncture the yak!
You kill the yak!
The yak gores you but does no damage.
Your Spellcasting skill increases to level 4!
As you read the scroll labelled VEPAP BIDIO, it crumbles to dust.
You feel strangely unstable.
It was a scroll of teleportation.
The yak misses you.
Casting: Static Discharge (safe; 1% risk of failure)
Confirm with . or Enter, or press ? or * to list all spells.
You blink.
The yak bellows! x2
The yak barely misses you. The yak misses you. The yak gores you!
You die...

###########
#<......Y..
#..#.......
#..........
#...~~≈~~~~
#...~#####
#...Y#Y).#
#.###.Y.)∩)#
#.....@#.).#
####..~#####
.....~~
#####....
######


You could see 3 yaks.

Vanquished Creatures
  Sigmund (D:3)
  A yak (D:7)
  An orc warrior (D:6)
  A centaur (D:6)
  2 scorpions (D:4)
  3 jellies
  5 hounds
  Jessica (D:3)
  2 iguanas
  Natasha (thrice) (D:2)
  An orc wizard (D:6)
  3 gnolls (D:5)
  3 adders
  A white imp (D:6)
  2 worms
  5 dart slugs
  4 orcs (D:6)
  4 bats
  8 endoplasms
  5 giant cockroaches
  11 goblins
  10 hobgoblins
  4 jackals
  5 quokkas
  10 ball pythons
  3 frilled lizards
  7 kobolds
  7 rats
113 creatures vanquished.

Notes
Turn   | Place    | Note
-------+----------+-------------------------------------------
     0 | D:1      | Ekaitz the Tengu Air Elementalist began the quest for the
                  | Orb.
     0 | D:1      | Reached XP level 1. HP: 10/10 MP: 4/4
    17 | D:1      | Found Osidesed's Magic Scroll Emporium.
   250 | D:1      | Reached XP level 2. HP: 16/16 MP: 4/6
   253 | D:1      | Learned a level 2 spell: Static Discharge
   369 | D:1      | Found Miad's Book Boutique.
   704 | D:1      | Found Lifeamn's Distillery.
   707 | D:1      | Bought a potion of heal wounds for 55 gold pieces
   816 | D:1      | Reached skill level 1 in Fighting
   934 | D:1      | Reached XP level 3. HP: 20/20 MP: 0/7
   938 | D:1      | Learned a level 3 spell: Swiftness
  1215 | D:2      | Found a faded altar of an unknown god.
  1540 | D:2      | Found a shimmering blue altar of Sif Muna.
  1710 | D:2      | Noticed Natasha
  1716 | D:2      | Killed Natasha
  1717 | D:2      | Reached skill level 5 in Air Magic
  1717 | D:2      | Reached XP level 4. HP: 8/25 MP: 4/8
  2164 | D:2      | Noticed Natasha
  2169 | D:2      | Killed Natasha
  2170 | D:2      | Gained mutation: Your magical nature lets you fly swiftly
                  | and evasively. [Tengu growth]
  2170 | D:2      | Reached XP level 5. HP: 15/29 MP: 3/9
  2300 | D:2      | Noticed Natasha
  2311 | D:2      | Killed Natasha
  2643 | D:3      | Noticed Jessica
  2649 | D:3      | Killed Jessica
  2788 | D:3      | Noticed Sigmund
  3074 | D:3      | Killed Sigmund
  3075 | D:3      | Reached skill level 6 in Air Magic
  3075 | D:3      | Reached XP level 6. HP: 27/35 MP: 1/11
  3463 | D:4      | Learned a level 4 spell: Airstrike
  3657 | D:4      | Learned a level 1 spell: Apportation
  3736 | D:4      | Reached XP level 7. HP: 21/40 MP: 5/12
  3961 | D:5      | Entered Level 5 of the Dungeon
  4296 | D:5      | Reached skill level 7 in Air Magic
  4595 | D:5      | Reached skill level 5 in Conjurations
  4992 | D:6      | Found a burning altar of Makhleb.
  5070 | D:6      | Reached skill level 1 in Short Blades
  5179 | D:6      | Reached XP level 8. HP: 29/46 MP: 5/14
  5218 | D:6      | Reached skill level 1 in Translocations
  5311 | D:6      | Learned a level 2 spell: Blink
  5673 | D:7      | Noticed a yak
  5678 | D:7      | Found a flagged portal.
  5689 | D:7      | Noticed a yak
  5692 | D:7      | Noticed a yak
  5692 | D:7      | Noticed a yak
  5693 | D:7      | Killed a yak
  5697 | D:7      | Slain by a yak

Illustrated notes

Levels and vault maps discovered:
D:1:      sevenhm_arrival_forest_fort_small_4, layout_loops_corners,
          serial_shops, shop, nicolae_shop_tiny_real_fake_doors,
          nicolae_shop_tiny_real_fake_doors
D:2:      layout_basic, basic_altar, hellmonk_ecumenical_altar_blasted,
          uniq_natasha
D:3:      layout_basic, uniq_jessica, uniq_sigmund
D:4:      layout_cave_pools
D:5:      layout_basic
D:6:      layout_cave_pools, bloody_makhleb
D:7:      layout_basic, minmay_temple_entry_waves, enter_bailey_3, uniq_duvessa

Skill      XL: |  1  2  3  4  5  6  7  8 |
---------------+-------------------------+-----
Fighting       | 1 2 3 |  3.4
Conjurations   | 2 4 5 |  5.6
Air Magic      | 5 6 7 |  7.7
Dodging        | 3 |  3.9
Spellcasting   | 3 4 |  4.0
Stealth        | 3 |  3.2
Short Blades   | 1 |  1.1
Translocations | 1 |  1.4

Action                     |  1- 3 |  4- 6 |  7- 9 || total
---------------------------+-------+-------+-------++-------
  Melee: Dagger            |    16 |     2 |    11 ||    29
         Kick              |     2 |       |     1 ||     3
         Peck              |       |       |     2 ||     2
   Cast: Shock             |    64 |    95 |    42 ||   201
         Static Discharge  |     2 |    10 |    17 ||    29
         Airstrike         |       |       |     2 ||     2
         Apportation       |       |       |     2 ||     2
         Blink             |       |       |     1 ||     1
  Evoke: Wand              |       |       |     2 ||     2
    Use: Scroll            |       |       |     1 ||     1
   Stab: Sleeping          |    10 |     1 |     3 ||    14
         Paralysed         |       |       |     2 ||     2
 Armour: Robe              |     5 |     3 |    15 ||    23
  Dodge: Dodged            |     7 |     9 |    34 ||    50
